 Dungeon Crawl Stone Soup version 0.18-a0-750-g37044d6 (webtiles) character file.

88 Ijustatesigmund the Sneak (level 4, -4/54 HPs)
             Began as a Naga Wizard on Dec 12, 2015.
             Shot with an arrow by a centaur (8 damage)
             ... on level 3 of the Dungeon.
             The game lasted 00:06:30 (1992 turns).

Ijustatesigmund the Sneak (Naga Wizard)             Turns: 1992, Time: 00:06:30

Health: -4/54      AC: 22    Str:  9    XL:     4   Next: 53%
Magic:  1/8        EV:  1    Int: 19    God:
Gold:   41         SH:  0    Dex: 10    Spells: 4 memorised, 1 level left

rFire  . . .     SeeInvis +     j - +2 dagger (freeze)
rCold  . . .     Clarity  .     (armour currently unavailable)
rNeg   + + +     SustAt   .     (no shield)
rPois  +         Gourm    .     (helmet currently unavailable)
rElec  .         Spirit   .     (cloak currently unavailable)
rCorr  .         Dismiss  .     (gloves currently unavailable)
rMut   .         NoTele   +     (no barding)
MR     .....                    (no amulet)
Stlth  ++++......               (no ring)
                                (no ring)

@: tree-form, very slightly contaminated, not resistant to hostile enchantments,
stealthy
A: see invisible, (deformed body), (poison resistance), (slowness 0), slow
metabolism 1, spit poison 2, AC +1
a: Spit Poison


You were on level 3 of the Dungeon.
You were hungry.
You were a tree.
You visited 1 branch of the dungeon, and saw 3 of its levels.

You collected 41 gold pieces.

Inventory:

Hand Weapons
 j - a +2 dagger of freezing (weapon)
Armour
 a - a +0 robe (melded)
 b - a +0 hat (melded)
 p - a +2 ring mail of cold resistance
Jewellery
 g - an uncursed amulet of dismissal
 i - an uncursed ring of ice
 l - an uncursed ring of ice
Scrolls
 h - a scroll of remove curse
 k - 2 scrolls of teleportation
Potions
 e - a potion of flight
Books
 c - a book of Minor Magic

   Spells                             Type                      Level
   a - Magic Dart                     Conjuration                  1
   b - Blink                          Translocation                2
   c - Call Imp                       Summoning                    2
   d - Repel Missiles                 Charms/Air                   2
   e - Slow                           Hexes                        2
   f - Conjure Flame                  Conjuration/Fire             3
   g - Mephitic Cloud                 Conjuration/Poison/Air       3
Comestibles
 d - a bread ration
 m - a beef jerky
 n - 5 fruits
 q - a chunk of flesh


   Skills:
 - Level 1.5 Dodging
 - Level 5.3 Stealth
 - Level 3.0 Spellcasting
 + Level 3.0 Conjurations
   Level 1.0 Summonings
 - Level 1.0 Translocations
 + Level 0.2 Air Magic
 + Level 0.3 Poison Magic


You had one spell level left.
You knew the following spells:

 Your Spells              Type           Power        Failure   Level  Hunger
a - Magic Dart            Conj           ##..         6%          1    None
b - Blink                 Tloc           N/A          17%         2    ##.....
c - Repel Missiles        Chrm/Air       #.....       24%         2    ##.....
d - Mephitic Cloud        Conj/Pois/Air  #.......     34%         3    ###....


Dungeon Overview and Level Annotations

Branches:
Dungeon (2/15)

Altars:


Innate Abilities, Weirdness & Mutations

You cannot wear boots.
((Your serpentine skin is tough (AC +1).))
You have supernaturally acute eyesight.
((Armour fits poorly on your strangely shaped body.))
((Your system is resistant to poisons.))
((You cover ground very slowly.))
You have a slow metabolism.
You can spit poison.


Message History

The centaur shoots an arrow.
The arrow hits you.
* * * LOW HITPOINT WARNING * * *
The centaur shoots an arrow.
The arrow hits you but does no damage.
You cannot move.
You cannot move.
You are too injured to fight recklessly!
You are too injured to fight recklessly!
You are too injured to fight recklessly!
You cannot move.
You cannot move.
You cannot move.
You aren't carrying any items that can be evoked.
Drink which item? (? for menu, Esc to quit)
Okay, then.
Read which item? (? for menu, Esc to quit)
As you read the scroll labeled WULIDE GIHOMIE, it crumbles to dust.
You feel blessed for a moment.
It was a scroll of remove curse.
You have got your breath back.
The centaur shoots an arrow.
The arrow hits you!
You die...

#####.......# ###
#.....#####.## ..
#.....# #..# .#
......# #..####.#
#..##.# #.......#
#..##.#####.(..(..#
...##.............#
..................#
##.#########....♣.#
##.#########...[#.#
##..>.............#
#############......
# .......c# #
###..#.#.# # #..
.#.# #.. .#


You could see a centaur.

Vanquished Creatures
  Terence (D:3)
  An ooze (D:1)
  A worm (D:3)
  2 giant geckos
  10 bats
  3 giant cockroaches
  7 goblins
  8 hobgoblins
  2 giant newts
  10 jackals (D:1)
  2 kobolds (D:1)
  6 rats
53 creatures vanquished.

Notes
Turn   | Place    | Note
--------------------------------------------------------------
     0 | D:1      | Ijustatesigmund the Naga Wizard began the quest for the Orb.
     0 | D:1      | Reached XP level 1. HP: 15/15 MP: 4/4
   113 | D:1      | Reached XP level 2. HP: 22/22 MP: 1/6
   117 | D:1      | Learned a level 2 spell: Blink
   120 | D:1      | Learned a level 2 spell: Repel Missiles
   786 | D:1      | Reached XP level 3. HP: 28/28 MP: 2/7
   799 | D:1      | Reached skill level 4 in Stealth
  1610 | D:2      | You fall through a shaft!
  1610 | D:3      | Noticed Terence
  1623 | D:3      | Killed Terence
  1623 | D:3      | Reached skill level 5 in Stealth
  1623 | D:3      | Reached XP level 4. HP: 15/36 MP: 4/8
  1863 | D:3      | Learned a level 3 spell: Mephitic Cloud
  1984 | D:3      | Noticed a centaur
  1992 | D:3      | Shot with an arrow by a centaur

Vault maps used:
D:1:      dpeg_arrival_arbitrary_c, kennysheep_small_spiral
D:3:      kennysheep_doodads, solitary_fountain, uniq_natasha, uniq_terence

Action                   |  1- 3 |  4- 6 || total
-------------------------+-------+-------++-------
Melee: Unarmed           |     5 |       ||     5
       Dagger            |    27 |     1 ||    28
 Cast: Magic Dart        |    88 |    17 ||   105
       Repel Missiles    |     1 |     1 ||     2
 Abil: Spit Poison       |     6 |     2 ||     8
  Use: Scroll            |     2 |     1 ||     3
       Potion            |       |     2 ||     2
  Eat: Chunk             |     1 |     1 ||     2
